 Dungeon Crawl Stone Soup version 0.16-a0-283-g1ba5a8c (webtiles) character file.

52707 CryptoCactus the Ripper (level 14, -38/66 HPs)
             Began as a Felid Fighter on Aug 22, 2014.
             Was the Champion of Dithmenos.
             Annihilated by Aizul (55 damage)
             ... on Level 4 of the Swamp on Aug 27, 2014.
             The game lasted 02:04:04 (46935 turns).

CryptoCactus the Ripper (Felid Fighter)            Turns: 46935, Time: 02:04:04

HP -38/66        AC  7     Str 12      XL: 14   Next: 28%
MP  26/26        EV 34     Int 10      God: Dithmenos [******]
Gold 1073        SH  0     Dex 20      Spells:  4 memorised, 12 levels left
Lives: 0, deaths: 3

rFire  . . .     SeeInvis +       - Unarmed
rCold  + . .     Clarity  .     (armour unavailable)
rNeg   . . .     rCorr    .     (shield unavailable)
rPois  .         rRot     .     (helmet unavailable)
rElec  .         Spirit   .     (cloak unavailable)
SustAb .         Warding  .     (gloves unavailable)
rMut   +         Stasis   .     (boots unavailable)
Gourm  .                        i - amulet of resist mutation
MR     ++...                    E - +3 ring of slaying
                                n - +3 ring of slaying

@: lethally poisoned, wreathed by umbra, quick, very resistant to hostile
enchantments, uncannily stealthy
A: paw claws, no armour, no weapons or thrown items, fangs 3, iridescent scales
1, see invisible, carnivore 3, speed 1, shaggy fur 3, slow metabolism 1, jump 3
a: Jump Attack, Shadow Step, Shadow Form, Renounce Religion


You were on level 4 of the Swamp.
You worshipped Dithmenos.
Dithmenos was exalted by your worship.
You were completely stuffed.

You visited 6 branches of the dungeon, and saw 34 of its levels.
You also visited: Ice Cave.

You collected 2958 gold pieces.
You spent 1885 gold pieces at shops.

Inventory:

Magical devices
 f - a wand of confusion (5)
 j - a wand of disintegration (16) {unknown}
 u - a wand of polymorph (7)
 O - a wand of confusion (1)
Comestibles
 d - 17 meat rations
 m - 7 royal jellies
 s - 3 slices of pizza
 t - a rotting chunk of alligator flesh
 C - 3 beef jerkies
Scrolls
 c - a scroll of fear
 k - 9 scrolls of remove curse
 l - 8 scrolls of identify
 o - 4 scrolls of fog
 y - a scroll of recharging
 H - a scroll of torment
 I - a scroll of silence
 J - 2 scrolls of teleportation
Jewellery
 e - an uncursed amulet of rage
 i - an amulet of resist mutation (around neck)
 n - a +3 ring of slaying (left paw)
 p - an uncursed ring of protection from cold
 x - an uncursed amulet of stasis
 A - a cursed ring of positive energy
 E - a +3 ring of slaying (right paw)
 K - an uncursed ring of teleportation
 L - an uncursed ring of protection from cold
Potions
 a - 4 potions of heal wounds
 b - 3 potions of restore abilities
 g - 3 potions of resistance
 h - 8 potions of agility
 q - 4 potions of curing
 r - a potion of cancellation
 w - 2 potions of haste
 z - a potion of berserk rage
 B - 5 potions of magic
 D - a potion of might
 G - 2 potions of brilliance
 N - a potion of flight
 Q - a potion of invisibility
Books
 v - a book of Wizardry

   Spells                             Type                      Level
   Agony                              Necromancy                   5
   Force Lance                        Conjuration                  5
   Dispersal                          Translocation                6
   Haste                              Charms                       6
   Invisibility                       Hexes                        6
   Spellforged Servitor               Conjuration/Summoning        7


   Skills:
 - Level 10.6 Fighting
 - Level 17.2 Dodging
 - Level 15.4 Stealth
 - Level 17.6 Unarmed Combat
 - Level 3.1 Spellcasting
 - Level 9.8 Hexes
 - Level 5.2 Summonings
 - Level 6.7 Translocations
 + Level 1.1 Invocations


You had 12 spell levels left.
You knew the following spells:

 Your Spells              Type           Power        Failure   Level  Hunger
a - Apportation           Tloc           ##........   1%          1    #......
b - Summon Butterflies    Summ           ##......     3%          1    #......
c - Blink                 Tloc           N/A          3%          2    ###....
d - Tukima's Dance        Hex            ###.....     1%          3    ####...


Dungeon Overview and Level Annotations

Branches:
Dungeon (15/15)            Temple (1/1) D:7             Orc (4/4) D:10
    Elf (0/3) Orc:3          Lair (8/8) D:8           Swamp (5/5) Lair:5
 Spider (0/5) Lair:4        Slime (1/6) Lair:7       Vaults (0/5) D:14
 Depths (0/5) D:15

Altars:
Ashenzari
Cheibriados
Dithmenos
Elyvilon
Fedhas
Gozag
Kikubaaqudgha
Makhleb
Nemelex Xobeh
Okawaru
Qazlal
Sif Muna
Trog
Vehumet
Xom
Yredelemnul
Zin
The Shining One
Beogh
Jiyva

Shops:
D:4 :   D:7 [   D:11 ?   D:13 [==(   Orc:3 *   Orc:4 ![((

Annotations:
D:3 CryptoCactus' ghost, average MiGl
D:4 Grinder
D:15 Azrael
Lair:2 exclusion: oklob plant
Swamp:2 Nikola
Swamp:3 exclusion: alligator, Mara
Swamp:4 Aizul


Innate Abilities, Weirdness & Mutations

You cannot wear armour.
You are incapable of wielding weapons or throwing items.
Your paws have sharp claws.
You have razor-sharp teeth.
You have supernaturally acute eyesight.
You are carnivorous and can eat meat at any time.
You cover ground quickly.
Your thick and shaggy fur keeps you warm (AC +3, rC+).
You have a slow metabolism.
You can jump attack at a long distance.
You are partially covered in iridescent scales (AC +4).


Message History

You feel sick. Aizul casts a spell at you. The bolt of poison misses you.
You closely miss Aizul. Your punch misses Aizul.
Aizul is almost dead.
You feel sick. Aizul closely misses you.
You barely miss Aizul.
Aizul is almost dead.
You feel sick. Aizul misses you.
You scratch Aizul but do no damage. Your bite misses Aizul.
Aizul is almost dead.
You feel sick. Aizul casts a spell at you.
You fall asleep.
You feel sick.
Aizul coils himself and waves his upper body at you.
The bolt of poison misses you.
You feel sick. Aizul completely misses you. Aizul hits you!!!
You wake up.
Ouch! That really hurt!
You die...

♣.♣ ≈≈≈ ♣≈≈♣♣ ≈♣.♣
♣..♣♣♣♣ ♣.....♣♣♣ ♣
♣..♣§§§.♣.♣ ♣≈♣§§§♣§.♣.♣
♣♣..♣♣@§≈.≈≈♣♣
♣.♣♣♣♣♣S§.≈≈≈♣♣ ♣.♣♣♣
♣♣≈≈.≈.♣♣ ♣.♣.♣♣
♣≈....♣♣ ♣♣♣ ♣♣....♣
♣(≈≈§≈♣♣♣♣.♣♣ ♣...≈.♣
♣≈≈≈..♣♣...≈ ♣≈≈.♣≈♣♣♣
♣♣.≈.§......≈
♣♣...≈≈≈♣♣♣♣≈...≈≈.≈≈≈.≈
♣♣♣..≈≈.♣♣≈≈≈≈≈.....≈.≈


You could see Aizul (bleeding).

Vanquished Creatures
  An orc warlord (Orc:4)
  The ghost of Banei the Carver, a powerful HEWz of Okawaru (D:13)
  Snorg (Lair:8)
  An ettin (D:15)
  Josephine (D:11)
  A fire dragon (Lair:8)
  9 hydras
  2 centaur warriors
  A shambling mangrove (Swamp:2)
  An anaconda (Swamp:1)
  2 dancing weapons (D:14)
  An ogre mage (D:15)
  The ghost of Sientara the Basher, a powerful GrFi of Okawaru (Lair:2)
  An orc high priest (Orc:4)
  4 alligators
  18 death yaks
  4 skeletal warriors (D:15)
  Erolcha (D:11)
  3 unseen horrors
  A deep troll (D:15)
  3 hill giants
  2 shadow demons (Lair:2)
  Pikel (D:5)
  2 orc knights
  12 ugly things
  2 lindwurms (Lair:8)
  An oklob plant (Lair:8)
  2 manticores
  3 orc sorcerers
  6 griffons
  2 cyclopes
  2 centaur zombies (D:11)
  An elephant (Lair:6)
  A gargoyle (D:12)
  5 black mambas
  A torpor snail (Lair:7)
  19 spiny frogs
  2 efreet
  7 komodo dragons
  A freezing wraith (D:13)
  3 trolls
  7 fire drakes
  6 giant leeches
  6 blink frogs
  3 baby alligators (Swamp:5)
  4 bog bodies
  Prince Ribbit (D:9)
  7 ravens (Swamp:1)
  2 hydra skeletons
  A boulder beetle (Lair:7)
  3 basilisks
  3 slime creatures (Swamp:5)
  4 two-headed ogres
  6 shadows
  A tarantella (shapeshifter) (D:13)
  4 hungry ghosts
  4 hippogriffs
  2 deep elf magi
  2 water elementals (D:14)
  A spriggan (Swamp:2)
  48 yaks
  A human (D:10)
  2 steam dragons
  Grum (D:9)
  12 vampire mosquitoes
  2 wraiths
  8 wolves
  3 wyverns
  A deep elf fighter (D:10)
  18 swamp worms
  A mottled dragon (D:13)
  7 wargs
  5 porcupines
  A sky beast (D:15)
  9 swamp drakes
  29 water moccasins
  2 black bears
  2 hell hounds (D:15)
  2 phantoms
  8 spiders (Lair:4)
  An ogre skeleton (D:14)
  2 yellow wasps
  39 orc warriors
  A manticore zombie (D:15)
  13 ice beasts
  3 necrophages
  3 boring beetles
  16 centaurs
  14 ogres
  15 crocodiles
  A hill giant simulacrum (D:11)
  19 giant frogs
  6 brain worms
  A big kobold (D:11)
  16 insubstantial wisps
  6 scorpions
  An eye of draining (D:15)
  A cyclops skeleton (D:11)
  A tengu zombie (D:10)
  9 electric eels
  A troll skeleton (D:11)
  11 wights
  9 killer bees
  8 crimson imps
  A giant frog zombie (D:7)
  A boring beetle zombie (D:15)
  A kobold zombie (D:11)
  13 hounds
  2 jellies (D:15)
  41 orc priests
  13 worker ants
  4 iguanas
  3 quasits
  31 orc wizards
  4 orange rats (Lair:8)
  18 sheep
  2 ogre zombies
  2 mummies
  2 worker ant zombies (D:5)
  29 green rats
  A mottled dragon simulacrum (D:11)
  38 adders
  9 gnolls
  3 shadow imps
  A worker ant simulacrum (D:11)
  3 giant mites
  18 worms
  3 adder skeletons
  5 giant geckos
  233 orcs
  10 giant cockroaches
  15 goblins
  12 hobgoblins
  9 jackals
  2 ball pythons (Swamp:1)
  18 bats
  3 giant newts
  A giant newt skeleton (D:5)
  2 giant spores
  A goblin skeleton (D:4)
  18 kobolds
  4 orc skeletons
  9 quokkas
  14 rats
  A rat zombie (D:5)
  2 ballistomycetes (D:11)
  A butterfly (Lair:7)
  A fungus (Swamp:4)
  2 plants
1165 creatures vanquished.

Vanquished Creatures (others)
  A centaur skeleton (D:15)
  A jelly (D:15)
  2 orc wizards (D:5)
  An orc (D:5)
  3 jackals (D:5)
  A giant spore (D:15)
  An orc skeleton (D:10)
  10 fungi
  7 plants
27 creatures vanquished.

Grand Total: 1192 creatures vanquished

Notes
Turn   | Place    | Note
--------------------------------------------------------------
     0 | D:1      | CryptoCactus, the Felid Fighter, began the quest for the Orb.
     0 | D:1      | Reached XP level 1. HP: 10/10 MP: 2/2
   143 | D:1      | Reached XP level 2. HP: 11/14 MP: 3/3
   605 | D:2      | Reached XP level 3. HP: 9/17 MP: 5/5
  1242 | D:2      | Reached skill level 5 in Dodging
  1565 | D:2      | Reached XP level 4. HP: 14/22 MP: 7/7
  2722 | D:2      | Reached skill level 5 in Unarmed Combat
  2722 | D:2      | Reached XP level 5. HP: 21/25 MP: 8/8
  2810 | D:3      | Noticed CryptoCactus' ghost (average MiGl)
  3782 | D:3      | Found a white marble altar of Elyvilon.
  3834 | D:3      | Learned a level 1 spell: Apportation
  3836 | D:3      | Learned a level 1 spell: Summon Butterflies
  3839 | D:3      | Learned a level 2 spell: Blink
  3882 | D:4      | Found a blossoming altar of Fedhas.
  3894 | D:4      | Found a stormy altar of Qazlal.
  4123 | D:4      | Noticed a phantom
  4134 | D:4      | Reached skill level 6 in Dodging
  4134 | D:4      | Gained mutation: You are covered in thick fur (AC +2). [growing up]
  4134 | D:4      | Gained mutation: You can jump attack at a medium distance. [growing up]
  4134 | D:4      | Reached XP level 6. HP: 25/29 MP: 10/10
  4205 | D:4      | Killed a phantom
  4487 | D:4      | Reached skill level 5 in Fighting
  4515 | D:4      | Found Sheraeje's Book Boutique.
  4704 | D:4      | Noticed Grinder
  5094 | D:5      | Entered Level 5 of the Dungeon
  5228 | D:5      | Noticed Pikel
  5247 | D:5      | Killed Pikel
  5247 | D:5      | Reached skill level 8 in Dodging
  5247 | D:5      | Reached XP level 7. HP: 27/34 MP: 12/12
  5477 | D:5      | Reached XP level 8. HP: 33/38 MP: 13/13
  7697 | D:7      | Reached skill level 9 in Dodging
  7719 | D:7      | Found a staircase to the Ecumenical Temple.
  7764 | Temple   | Entered the Ecumenical Temple
  7879 | Temple   | Became a worshipper of Dithmenos the Shadowed
  7975 | D:7      | Found Viukkaw's Armour Shop.
  8199 | D:7      | Learned a level 3 spell: Tukima's Dance
  8487 | D:8      | Found a shattered altar of Ashenzari.
  8583 | D:8      | Reached XP level 9. HP: 39/43 MP: 15/15
  8613 | D:8      | Noticed Joseph
  8847 | D:8      | Found a basalt altar of Yredelemnul.
  8848 | D:8      | Noticed a profane servitor
  9132 | D:8      | Found a bloodstained altar of Trog.
  9222 | D:8      | Noticed Joseph
  9222 | D:8      | Joseph changed into Joseph the naga
  9223 | D:8      | Joseph the naga changed into Joseph the wolf
  9439 | D:8      | Found a shimmering altar of Xom.
  9439 | D:8      | Found a burning altar of Makhleb.
  9511 | D:8      | Reached skill level 10 in Dodging
  9563 | D:8      | Found a staircase to the Lair.
  9714 | D:8      | Found a glowing golden altar of the Shining One.
  9715 | D:8      | Noticed an angel
  9819 | Lair:1   | Entered Level 1 of the Lair of Beasts
  9952 | Lair:1   | Reached skill level 10 in Unarmed Combat
  9967 | Lair:1   | Reached XP level 10. HP: 19/49 MP: 17/17
 10204 | Lair:1   | Noticed a spiny frog
 10205 | Lair:1   | Noticed a fire drake
 10213 | Lair:1   | Killed a spiny frog
 10221 | Lair:1   | Killed a fire drake
 10221 | Lair:1   | Reached skill level 11 in Dodging
 10438 | Lair:1   | Acquired Dithmenos' first power
 10569 | Lair:1   | Noticed a hill giant
 10579 | Lair:1   | Killed a hill giant
 11001 | Lair:2   | Found a frozen archway.
 11026 | IceCv    | Entered an ice cave
 11343 | Lair:2   | Found a blossoming altar of Fedhas.
 11354 | Lair:2   | Noticed an oklob plant
 11692 | Lair:2   | Reached XP level 11. HP: 22/53 MP: 18/18
 11697 | Lair:2   | Reached skill level 12 in Dodging
 11740 | Lair:2   | Noticed Sientara's ghost (powerful GrFi)
 12886 | Lair:2   | Acquired Dithmenos' second power
 13088 | Lair:2   | Reached skill level 10 in Fighting
 13668 | Lair:2   | Killed Sientara's ghost
 13797 | Lair:3   | Reached skill level 13 in Unarmed Combat
 14383 | Lair:3   | Reached skill level 1 in Stealth
 14697 | Lair:4   | Found a hole to the Spider Nest.
 14766 | Lair:4   | Reached skill level 5 in Stealth
 14930 | Lair:4   | Noticed a six-headed hydra
 15760 | Lair:5   | Noticed a five-headed hydra
 15765 | Lair:5   | Noticed a death yak
 15769 | Lair:5   | Noticed a death yak
 15951 | Lair:5   | Noticed a death yak
 15955 | Lair:5   | Noticed a death yak
 15971 | Lair:5   | Killed a death yak
 15973 | Lair:5   | Noticed a death yak
 15990 | Lair:5   | Killed a death yak
 15990 | Lair:5   | Acquired Dithmenos' third power
 15990 | Lair:5   | Gained mutation: Your thick and shaggy fur keeps you warm (AC +3, rC+). [growing up]
 15990 | Lair:5   | Gained mutation: You can jump attack at a long distance. [growing up]
 15990 | Lair:5   | Reached XP level 12. HP: 33/58 MP: 19/19
 16181 | Lair:5   | Killed a death yak
 16181 | Lair:5   | Reached skill level 10 in Stealth
 16409 | Lair:5   | Noticed a death yak
 16919 | Lair:5   | Found a staircase to the Swamp.
 16969 | Lair:5   | Noticed a death yak
 16969 | Lair:5   | Noticed a death yak
 16970 | Lair:5   | Noticed a death yak
 16970 | Lair:5   | Noticed a death yak
 16971 | Lair:5   | Noticed a death yak
 16976 | Lair:5   | Noticed a death yak
 16986 | Lair:5   | Killed a death yak
 17193 | Lair:4   | Killed a death yak
 17193 | Lair:4   | Reached skill level 14 in Unarmed Combat
 17251 | Lair:4   | Was placed under penance by Dithmenos
 17254 | Lair:4   | Killed a six-headed hydra
 17477 | Lair:4   | Killed a death yak
 17586 | Lair:4   | Noticed a seven-headed hydra
 17599 | Lair:4   | Paralysed by a red wasp for 4 turns
 17600 | Lair:4   | Succumbed to a red wasp's poison
 17601 | Lair:4   | Reached XP level 11. HP: 0/54 MP: 18/18
 17686 | Lair:2   | Noticed a shadow demon
 17686 | Lair:2   | Noticed a shadow demon
 17871 | Lair:2   | Noticed an ice devil
 17876 | Lair:2   | Killed a shadow demon
 17887 | Lair:2   | Noticed a sun demon
 17915 | Lair:2   | Killed a shadow demon
 18630 | Lair:5   | Killed a death yak
 18642 | Lair:5   | Killed a death yak
 18642 | Lair:5   | Was forgiven by Dithmenos
 19066 | Lair:5   | HP: 2/54 [death yak (27)]
 19150 | Lair:4   | Reached skill level 15 in Unarmed Combat
 19384 | Lair:5   | Killed a death yak
 19714 | Lair:5   | Killed a five-headed hydra
 19932 | Lair:5   | Killed a death yak
 20324 | Lair:6   | Reached XP level 12. HP: 55/58 MP: 9/19
 20618 | Lair:6   | Noticed a six-headed hydra
 20710 | Lair:6   | Killed a six-headed hydra
 21840 | Lair:7   | Reached skill level 15 in Dodging
 21876 | Lair:7   | Found a viscous altar of Jiyva.
 21877 | Lair:7   | Found a staircase to the Slime Pits.
 21922 | Lair:7   | Reached skill level 1 in Translocations
 21926 | Lair:7   | Reached skill level 1 in Hexes
 22801 | Slime:1  | Entered Level 1 of the Pits of Slime
 22801 | Slime:1  | Noticed an acid blob
 22801 | Slime:1  | Noticed an acid blob
 22828 | Lair:8   | Entered Level 8 of the Lair of Beasts
 23262 | Lair:8   | Reached skill level 5 in Translocations
 23603 | Lair:8   | Reached skill level 5 in Hexes
 23617 | Lair:8   | Noticed Snorg
 23630 | Lair:8   | Killed Snorg
 24244 | Lair:7   | Reached XP level 13. HP: 61/61 MP: 20/20
 24666 | Lair:8   | Reached skill level 5 in Summonings
 25288 | Lair:8   | Acquired Dithmenos' fourth power
 25806 | Lair:8   | Noticed a fire dragon
 25814 | Lair:8   | Killed a fire dragon
 26021 | Lair:8   | Reached skill level 1 in Spellcasting
 26246 | Lair:5   | Killed a death yak
 26413 | D:9      | Noticed Grum
 26414 | D:9      | Killed Grum
 26631 | D:9      | Noticed Prince Ribbit
 26639 | D:9      | Killed Prince Ribbit
 27562 | D:10     | Entered Level 10 of the Dungeon
 28025 | D:10     | Found a staircase to the Orcish Mines.
 28394 | D:11     | Was placed under penance by Dithmenos
 28454 | D:11     | Noticed Erolcha
 28463 | D:11     | Killed Erolcha
 28601 | D:11     | Was forgiven by Dithmenos
 28619 | D:11     | Noticed Josephine
 28633 | D:11     | Killed Josephine
 28997 | D:11     | Found Romeut's Magic Scroll Shop.
 29012 | D:11     | Bought a scroll of torment for 105 gold pieces
 29012 | D:11     | Bought a scroll of silence for 105 gold pieces
 30326 | D:13     | Reached XP level 14. HP: 66/66 MP: 26/26
 30368 | D:13     | Found Ungieffo's Antique Weapon Emporium.
 30419 | D:13     | Noticed Banei's ghost (powerful HEWz)
 30956 | D:13     | Found Wupt's Jewellery Emporium.
 30967 | D:13     | Bought a +3 ring of slaying for 630 gold pieces
 31049 | D:13     | Found Styoc's Armour Shoppe.
 31107 | D:13     | Found a sparkling altar of Nemelex Xobeh.
 31212 | D:13     | Found Cluut's Jewellery Boutique.
 31236 | D:13     | Bought a +3 ring of slaying for 675 gold pieces
 31307 | D:13     | Killed Banei's ghost
 31556 | D:14     | Found a gate to the Vaults.
 31919 | D:14     | Reached skill level 16 in Unarmed Combat
 33044 | D:15     | Entered Level 15 of the Dungeon
 33916 | D:15     | Upgraded the game from 0.16-a0-249-g5922f4d to 0.16-a0-283-g1ba5a8c
 35312 | D:15     | Noticed Azrael
 35393 | D:15     | Found a staircase to the Depths.
 35430 | D:15     | Mangled by a white ugly thing
 35431 | D:15     | Reached XP level 13. HP: -6/62 MP: 25/25
 35666 | Orc:1    | Entered Level 1 of the Orcish Mines
 37351 | Orc:2    | Found a bloodstained altar of Trog.
 37712 | Orc:2    | Reached skill level 17 in Unarmed Combat
 37867 | Orc:2    | Found a roughly hewn altar of Beogh.
 38245 | Orc:3    | Found a staircase to the Elven Halls.
 38318 | Orc:3    | Found Kuiv's Assorted Antiques.
 39425 | Orc:4    | Entered Level 4 of the Orcish Mines
 39862 | Orc:4    | Found a roughly hewn altar of Beogh.
 39887 | Orc:4    | Reached XP level 14. HP: 66/66 MP: 26/26
 40307 | Orc:4    | Found a roughly hewn altar of Beogh.
 40560 | Orc:4    | Noticed an orc warlord
 40728 | Orc:4    | Killed an orc warlord
 41153 | Orc:4    | Found a roughly hewn altar of Beogh.
 41153 | Orc:4    | Found Streimar's Antique Armour Shoppe.
 41157 | Orc:4    | Found Cirhil's Antique Weapon Emporium.
 41232 | Orc:4    | Found a roughly hewn altar of Beogh.
 41234 | Orc:4    | Found a roughly hewn altar of Beogh.
 41385 | Orc:4    | Found a roughly hewn altar of Beogh.
 41393 | Orc:4    | Found Stroul's Weapon Boutique.
 41497 | Orc:4    | Found a roughly hewn altar of Beogh.
 41500 | Orc:4    | Found Anatz's Distillery.
 41527 | Orc:4    | Bought a potion of beneficial mutation for 350 gold pieces
 41527 | Orc:4    | Bought a potion of degeneration for 20 gold pieces
 41529 | Orc:4    | Gained mutation: You are partially covered in iridescent scales (AC +4). [potion of beneficial mutation]
 41869 | Lair:5   | Killed a death yak
 41923 | Swamp:1  | Entered Level 1 of the Swamp
 42701 | Swamp:1  | Was placed under penance by Dithmenos
 42752 | Swamp:1  | HP: 3/66 [six-headed hydra (10)]
 42753 | Swamp:1  | Slain by a six-headed hydra
 42754 | Swamp:1  | Reached XP level 13. HP: -3/93 MP: 25/25
 42864 | Swamp:1  | Was forgiven by Dithmenos
 44581 | Swamp:2  | Noticed Nikola
 45707 | Swamp:3  | Reached XP level 14. HP: 46/66 MP: 26/26
 45952 | Swamp:3  | Noticed Mara
 45954 | Swamp:3  | oh heeeel no
 46539 | Swamp:4  | Reached skill level 15 in Stealth
 46592 | Swamp:5  | Entered Level 5 of the Swamp
 46912 | Swamp:4  | Reached skill level 1 in Invocations
 46918 | Swamp:4  | Noticed Aizul
 46935 | Swamp:4  | Annihilated by Aizul

Action                   |  1- 3 |  4- 6 |  7- 9 | 10-12 | 13-15 || total
-------------------------+-------+-------+-------+-------+-------++-------
Melee: Unarmed           |    86 |   251 |   401 |  1154 |  2039 ||  3931
 Cast: Blink             |       |       |       |       |     1 ||     1
 Abil: Jump Attack       |       |     1 |       |     2 |    10 ||    13
       Evoke Berserk Rag |       |       |       |     1 |       ||     1
Evoke: Wand              |     1 |     6 |     5 |    32 |    39 ||    83
  Use: Scroll            |       |     4 |     9 |    10 |    19 ||    42
       Potion            |       |       |     2 |     3 |    10 ||    15
 Stab: Sleeping          |     5 |     1 |     8 |    26 |   108 ||   148
       Distracted        |       |       |       |     4 |    17 ||    21
       Paralysed         |       |       |       |     2 |     2 ||     4
       Confused          |       |       |       |       |     1 ||     1
  Eat: Chunk             |     8 |     8 |    10 |    35 |    59 ||   120
